 Dungeon Crawl Stone Soup version 0.18-a0-1778-gadce9fa (webtiles) character file.

37 4thArraOfDagon the Ruffian (level 3, 0/31 HPs)
             Began as a Troll Earth Elementalist on Apr 16, 2016.
             Succumbed to an adder's poison
             ... on level 3 of the Dungeon.
             The game lasted 00:01:34 (369 turns).

4thArraOfDagon the Ruffian (TrEE)                    Turns: 369, Time: 00:01:35

Health: 0/31       AC:  5    Str: 21    XL:     3   Next: 23%
Magic:  3/3        EV:  9    Int: 12    God:
Gold:   43         SH:  0    Dex: 10    Spells: 1 memorised, 3 levels left

rFire  . . .     SeeInvis .       - Unarmed
rCold  . . .     Gourm    +     a - +0 robe
rNeg   . . .     Faith    .     (no shield)
rPois  .         Spirit   .     (helmet restricted)
rElec  .         Dismiss  .     (no cloak)
rCorr  +         Reflect  .     (gloves unavailable)
SustAt .         Harm     .     (boots unavailable)
MR     .....                    (no amulet)
Stlth  +.........               (no ring)
                                h - ring of resist corrosion

@: mighty, lethally poisoned (0 -> -1), not resistant to hostile enchantments,
very unstealthy
A: unfitting armour, claws 3, fast metabolism 3, gourmand, regeneration 2,
shaggy fur 1, tough skin 2
a: no special abilities


You were on level 3 of the Dungeon.
You were very full.

You visited 1 branch of the dungeon, and saw 3 of its levels.

You collected 43 gold pieces.

Inventory:

Armour
 a - a +0 robe (worn)
Jewellery
 h - a ring of resist corrosion (left claw)
Scrolls
 b - a scroll of identify {unknown}
 e - a scroll of enchant armour {unknown}
 g - a scroll of fog {unknown}
Books
 c - a book of Geomancy

   Spells                             Type                      Level
   a - Sandblast                      Earth                        1
   b - Passwall                       Transmutation/Earth          2
   c - Stone Arrow                    Conjuration/Earth            3
   d - Petrify                        Transmutation/Earth          4
   e - Lee's Rapid Deconstruction     Earth                        5
Comestibles
 d - 2 bread rations
 f - a meat ration


   Skills:
 - Level 1.5 Dodging
 - Level 1.1 Stealth
 * Level 2.9 Unarmed Combat
 - Level 1.2 Spellcasting
   Level 0.6 Transmutations
 - Level 2.6 Earth Magic


You had 3 spell levels left.
You knew the following spells:

 Your Spells              Type           Power        Failure   Level  Hunger
a - Sandblast             Erth           #.....       12%         1    ##.....


Dungeon Overview and Level Annotations

Branches:
Dungeon (3/15)

Altars:


Innate Abilities, Weirdness & Mutations

You are too large for most types of armour.
You have claws for hands.
Your metabolism is lightning-fast.
You like to eat raw meat.
You heal very quickly.
You are covered in fur (AC +1).
You have very tough skin (AC +2).


Message History

It was a potion of might.
You feel very mighty all of a sudden.
The jackal bites you but does no damage.
The jackal closely misses you.
Unknown command.
You closely miss the jackal.
The jackal is severely wounded.
* * * LOW HITPOINT WARNING * * *
You feel sick.
The jackal bites you but does no damage.
Unknown command.
You closely miss the jackal.
The jackal is severely wounded.
The jackal bites you.
* * * LOW HITPOINT WARNING * * *
Unknown command.
Unknown command.
You claw the jackal!
You kill the jackal!
You die...

## #. #.###
#.@.# ###.#
#...#
#.#####S####
#..........#
...........#
....###....#
#..#...#.###
#$ #$⌠.#.###


There were no monsters in sight!

Vanquished Creatures
  2 adders (D:3)
  A dart slug (D:1)
  A giant gecko (D:1)
  A ball python (D:2)
  A giant cockroach (D:1)
  3 goblins (D:1)
  A hobgoblin (D:3)
  2 jackals (D:3)
  A bat (D:1)
  2 kobolds
  A rat (D:1)
  A bush (D:2)
17 creatures vanquished.

Notes
Turn   | Place    | Note
--------------------------------------------------------------
     0 | D:1      | 4thArraOfDagon the Troll Earth Elementalist began the quest for the Orb.
     0 | D:1      | Reached XP level 1. HP: 16/16 MP: 1/1
     0 | D:1      | TREE
    16 | D:1      | Reached skill level 1 in Unarmed Combat
   134 | D:1      | Reached XP level 2. HP: 22/24 MP: 2/2
   361 | D:3      | Reached XP level 3. HP: 5/31 MP: 3/3
   365 | D:3      | HP: 1/31 [poisoned by an adder]
   369 | D:3      | Succumbed to an adder's poison

Vault maps used:
D:1:      dpeg_arrival_sounds_slurp, hangedman_feature_mirror, minmay_cupped
D:2:      grunt_temple_overflow_order_and_chaos_1, serial_forest,
          infiniplex_forest_clump_small, infiniplex_forest_side_room,
          infiniplex_forest_clump_C, infiniplex_forest_clump_long,
          infiniplex_forest_lined_room_2, infiniplex_forest_zigzag_1,
          infiniplex_forest_side_room, kennysheep_another_room, uniq_jessica
D:3:      grunt_temple_overflow_lords_of_destruction, first_bread,
          mrwooster_statue_mirror, fountainhead, uniq_crazy_yiuf_cottage

Skill      XL: |  1  2 |
---------------+-------+-----
Unarmed Combat | 1 2 |  2.9
Dodging        | |  1.5
Stealth        | |  1.1
Spellcasting   | |  1.2
Transmutations | |  0.6
Earth Magic    | |  2.6

Action                   || total
-------------------------++-------
Melee: Unarmed           ||   139
       Punch             ||     1
  Use: Potion            ||     1
 Stab: Sleeping          ||     1
  Eat: Chunk             ||     7
Armor: Robe              ||    21
Dodge: Dodged            ||    26
